 Dungeon Crawl Stone Soup version 0.32-a0-886-g41c5271027 (webtiles) character file.

Game seed: 3270893765144799837

111 pokeman the Magician (level 4, -2/25 HPs)
             Began as a Deep Elf Hedge Wizard on Apr 2, 2024.
             Killed from afar by an orc wizard (9 damage)
             ... with a magic dart
             ... on level 3 of the Dungeon.
             The game lasted 00:04:23 (2430 turns).

pokeman the Magician (Deep Elf Hedge Wizard)        Turns: 2430, Time: 00:04:24

Health: -2/25      AC:  2    Str:  7    XL:     4   Next: 62%
Magic:  4/13       EV: 11    Int: 21    God:
Gold:   119        SH:  0    Dex: 14    Spells: 6/14 levels left

rFire   . . .        a - +0 dagger
rCold   . . .        (no shield)
rNeg    . . .        b - +0 robe
rPois   .            c - +0 hat
rElec   .            (no cloak)
rCorr   .            (no gloves)
SInv    .            (no boots)
Will    .....        (no amulet)
Stlth   +            (no ring)
HPRegen 0.24/turn    (no ring)
MPRegen 0.13/turn

%: no passive effects
@: confused
A: no striking features
a: no special abilities


You were on level 3 of the Dungeon.
You visited 1 branch of the dungeon, and saw 3 of its levels.

You collected 119 gold pieces.

Inventory:

Hand Weapons
 a - a +0 dagger (weapon)
Armour
 b - a +0 robe (worn)
 c - a +0 hat (worn)
Wands
 l - a wand of polymorph (12)
 q - a wand of mindburst (14)
Scrolls
 f - a scroll of noise {unknown}
 h - 2 scrolls of poison {unknown}
 i - 2 scrolls of identify {unknown}
 n - a scroll of blinking {unknown}
 o - a scroll of teleportation {unknown}
 p - a scroll of revelation {unknown}
Potions
 d - a potion of magic
 e - 2 potions of invisibility {unknown}
 g - a potion of curing {unknown}
 j - a potion of degeneration {unknown}
 k - a potion of attraction {unknown}
 m - a potion of heal wounds {unknown}
 r - a potion of brilliance {unknown}


   Skills:
 - Level 1.0 Fighting
 - Level 1.0 Armour
 + Level 2.8 Dodging
 + Level 2.9 Stealth
 * Level 5.8 Spellcasting
 + Level 2.3 Conjurations
 - Level 1.1 Summonings
 - Level 1.1 Translocations


You had 6 spell levels left.
You knew the following spells:

 Your Spells              Type           Power      Damage    Failure   Level
a - Magic Dart            Conj           60%        1d6       3%          1
b - Mephitic Cloud        Conj/Alch/Air  9%         N/A       22%         3
c - Call Imp              Summ           20%        N/A       10%         2
d - Blink                 Tloc           20%        N/A       10%         2

Your spell library contained the following spells:

 Spells                   Type           Power      Damage    Failure   Level
 Slow                     Hex            24%        N/A       10%         1
 Cigotuvi's Dreadful Rot  Necr/Alch/Air  12%        N/A       16%         2


Dungeon Overview and Level Annotations

Branches:
Dungeon (3/15)

Altars:

Shops:
D:1 ((:((

Annotations:
D:3 Grinder


Message History

Your cerulean imp hits Grinder but does no damage.
Grinder says, "Mostly I couldn't keep them alive."
Grinder blinks!
You hear some strange, mumbled words.
Your cerulean imp appears confused.
Grinder gestures at you. Pain shoots through your body!
Ouch! That really hurt!
Grinder gestures at you.
You barely resist.
Grinder blinks!
Casting: Call Imp (safe; 10% risk of failure)
Confirm with . or Enter, or press ? or * to list all spells.
A tiny devil pulls itself out of the air.
Grinder gestures at you.
Your cerulean imp suddenly stops moving!
Grinder says, "Tell me all your secrets, or I'll kill you."
Grinder hits your cerulean imp.
You miss something.
You hear some strange, mumbled words.
You are confused.
Grinder hits your cerulean imp but does no damage.
Unknown command.
You're too confused to cast spells.
Okay, then.
Unknown command.
Unknown command.
You hear some strange, mumbled words.
A magic dart appears from out of thin air!
The magic dart hits you. Grinder gestures at you. Something hits you.
Grinder hits your cerulean imp but does no damage.
Something hits you.
* * * LOW HITPOINT WARNING * * *
Grinder hits your cerulean imp!
You hear some strange, mumbled words.
A magic dart appears from out of thin air!
The magic dart hits you!
You die...

#...........# #.#.#.#
#######.###.###.###.#
#...................#
##.####.###.###.###.#
#......#.# #.###.#
#.##.###.###..##.#
#..#.)...o....##.#
#..#....########.##{#
............55.@{.##.#
....##.#.########.##.###
... ....ยง. #.....5# .
##.##.## ######## #. #5#
#. #.# #. #.# #.#


You could see Grinder (ally target) and a friendly cerulean imp (summoned,
paralysed).

Vanquished Creatures
  5 adders (D:2)
  4 dart slugs
  A ribbon worm (D:2)
  5 endoplasms
  A giant cockroach (D:2)
  A goblin (D:1)
  A hobgoblin (D:2)
  2 kobolds (D:2)
  A quokka (D:1)
  8 ball pythons
  2 bats (D:2)
  2 frilled lizards
  3 rats
  A spectral kobold (D:1)
37 creatures vanquished.

Vanquished Creatures (collateral kills)
  An orc wizard (D:3)
1 creature vanquished.

Grand Total: 38 creatures vanquished

Notes
Turn   | Place    | Note
-------+----------+-------------------------------------------
     0 | D:1      | pokeman the Deep Elf Hedge Wizard began the quest for the
                  | Orb.
     0 | D:1      | Reached XP level 1. HP: 10/10 MP: 7/7
    29 | D:1      | Found a faded altar of an unknown god.
   104 | D:1      | Found Puagimus's Book Shoppe.
   104 | D:1      | Found Wimecvuj's Antique Weapon Shoppe.
   260 | D:1      | Reached XP level 2. HP: 16/16 MP: 4/9
   554 | D:1      | Found Ledinodo's Antique Weapon Boutique.
   566 | D:1      | Found Adexeas's Antique Weapon Emporium.
   794 | D:1      | Found Ysiv's Weapon Shop.
   920 | D:2      | Reached skill level 5 in Spellcasting
  1019 | D:2      | Reached XP level 3. HP: 19/20 MP: 5/11
  1023 | D:2      | Learned a level 3 spell: Mephitic Cloud
  1026 | D:2      | Learned a level 2 spell: Call Imp
  1029 | D:2      | Learned a level 2 spell: Blink
  1355 | D:2      | Reached skill level 1 in Fighting
  1355 | D:2      | Reached skill level 1 in Armour
  1680 | D:2      | Reached XP level 4. HP: 23/25 MP: 3/13
  2382 | D:3      | Noticed Grinder
  2405 | D:3      | Paralysed by Grinder for 2 turns
  2430 | D:3      | Killed from afar by an orc wizard

Illustrated notes

Levels and vault maps discovered:
D:1:      scummos_arrival_simple_fountains, layout_basic, serial_shops,
          nicolae_shop_peninsula, nicolae_shop_scrapyard, shop, shop, shop,
          dreamdust_ecumenical_altar_drowned_temple, minmay_misc_feat_columns,
          grunt_decor_junction, nicolae_figureground_sparkle
D:2:      layout_basic, nicolae_half_adder
D:3:      layout_basic, nemelex_dance_club_becter, uniq_jessica, uniq_grinder

Skill      XL: |  1  2  3 |
---------------+----------+-----
Spellcasting   | 5 |  5.8
Fighting       | 1 |  1.0
Armour         | 1 |  1.0
Conjurations   | 2 |  2.3
Dodging        | |  2.8
Stealth        | |  2.9
Summonings     | |  1.1
Translocations | |  1.1

Action                     |  1- 3 |  4- 6 || total
---------------------------+-------+-------++-------
  Melee: Dagger            |     3 |     1 ||     4
   Cast: Magic Dart        |    95 |    25 ||   120
         Call Imp          |       |     3 ||     3
         Mephitic Cloud    |       |     1 ||     1
 Armour: Robe              |    25 |     7 ||    32
  Dodge: Dodged            |    23 |     3 ||    26

Table legend: (Time is in decaauts)
 A = Elapsed time spent in this place.
 B = Non-inter-level travel time spent in this place.
 C = Inter-level travel time spent in this place.
 D = Time resting spent in this place.
 E = Time spent auto-exploring this place.
 F = Levels seen in this place.
 G = Mean time per level.
                   A        B        C        D        E       F      G
               +--------+--------+--------+--------+--------+-----+--------+
         Total |   2437 |   2345 |     92 |      3 |   2022 |   3 |  812.3 |
       Dungeon |   2437 |   2345 |     92 |      3 |   2022 |   3 |  812.3 |
               +--------+--------+--------+--------+--------+-----+--------+

Top non-repeatable levels by time:
     D:2: 1389 daAuts
     D:1: 920 daAuts
     D:3: 127 daAuts
